Match 35715125
Unlisted

Match 35715125
End
Panzergrenadier Squad
Selects Italian Infantry
Panzergrenadier Squad
Panzergrenadier Squad
Selects Guastatori Squad
Selects L6/40 Light Tank Combat Group
L6/40 Light Tank Combat Group
L6/40 Light Tank Combat Group
Selects Defensive Operations
L6/40 Light Tank Combat Group
Selects Towed Cannone da 105/28 Field Howitzer
Selects Defensive Operations
Construct Light Support Kompanie
Fire Support Elements
Pak 38 Mechanized Group
Selects Prepared Positions
Pak 38 Anti-tank Gun Team
Pak 38 Anti-tank Gun Team
Guastatori Squad
Towed Cannone da 105/28 Field Howitzer
Selects Obice 305mm Barrage
Obice 305mm Barrage
Construct Panzerarmee Kommand
Armored Reserves
Tiger Heavy Tank
Obice 305mm Barrage
Emergency Repair Kits
Rapid Advance
Towed Cannone da 105/28 Field Howitzer
StuG Assault Group
Tungsten Core Ammunition
Vehicle Survival Package
Obice 305mm Barrage
StuG Assault Group
Obice 305mm Barrage
Obice 305mm Barrage
willdeath
MarineBIoloGisT
li5235577
EZIO
Bruistablet
Professor gibberish
BARM
Zoro
0
0

Comments sign in to comment!

No comments posted yet!